 Dungeon Crawl Stone Soup version 0.23-a0-391-g8c51ad5 (webtiles) character file.

109 namelastname112 the Chopper (level 4, 0/61 HPs)
             Began as a Draconian Gladiator on Oct 30, 2018.
             Succumbed to an adder's poison
             ... on level 3 of the Dungeon.
             The game lasted 00:02:12 (1201 turns).

namelastname112 the Chopper (Draconian Gladiator)   Turns: 1201, Time: 00:02:13

Health: 0/61       AC:  7    Str: 21    XL:     4   Next: 60%
Magic:  4/4        EV: 19    Int:  8    God:
Gold:   65         SH:  0    Dex: 19    Spells: 3/3 levels left

rFire    . . .     SeeInvis .   a - +0 war axe
rCold    . . .     Gourm    .   (no shield)
rNeg     . . .     Faith    +   (armour unavailable)
rPois    .         Spirit   .   b - +0 hat
rElec    .         Reflect  .   (no cloak)
rCorr    .         Harm     .   (no gloves)
MR       .....     Rnd*Tele +   j - +1 pair of boots
Stlth    ..........             g - amulet of faith
HPRegen  0.20/turn              (no ring)
MPRegen  0.09/turn              (no ring)

@: agile, berserking (expiring), lethally poisoned (0 -> -8), very slightly
contaminated, invisible, very quick
A: unfitting armour, robust 1, teleportitis 1, cold-blooded, AC +5
a: no special abilities


You were on level 3 of the Dungeon.
You were not hungry.

You visited 1 branch of the dungeon, and saw 3 of its levels.

You collected 65 gold pieces.

Inventory:

Hand Weapons
 a - a +0 war axe (weapon)
Missiles
 c - 3 throwing nets (quivered)
Armour
 b - a +0 hat (worn)
 j - a +1 pair of boots (worn)
Jewellery
 g - an amulet of faith (around neck)
Scrolls
 e - 6 scrolls of remove curse {unknown}
 f - 4 scrolls of identify {unknown}
 m - a scroll of enchant armour {unknown}
Potions
 l - a potion of might {unknown}
Comestibles
 d - 4 rations
 k - 2 chunks of flesh


   Skills:
 + Level 3.1 Fighting
 * Level 4.1 Axes
 + Level 2.4 Throwing
 + Level 3.2 Dodging


You had 3 spell levels left.
You didn't know any spells.
Your spell library was empty.

Dungeon Overview and Level Annotations

Branches:
Dungeon (2/15)

Altars:
Elyvilon
Trog
Uskayaw
Vehumet
Zin


Innate Abilities, Weirdness & Mutations

Your plain brown scales are hard. (AC +5)
You cannot fit into any form of body armour.
You are cold-blooded and may be slowed by cold attacks.
You are robust. (+10% HP)
You are occasionally teleported next to monsters.


Message History

It was a potion of berserk rage.
A red film seems to cover your vision as you go berserk!
You feel yourself moving faster!
You feel mighty!
* * * LOW HITPOINT WARNING * * *
You feel sick. The kobold misses you.
You now have 3/61 hp.
You closely miss the kobold.
* * * LOW HITPOINT WARNING * * *
You feel sick. The kobold completely misses you.
You catch the helpless kobold completely off-guard!
You slash the kobold!
You kill the kobold!
* * * LOW HITPOINT WARNING * * *
You feel sick.
You take 1 damage, and have 2/61 hp.
You feel a strong urge to attack something.
* * * LOW HITPOINT WARNING * * *
You feel sick.
You take 1 damage, and have 1/61 hp.
You die...

.. ## ##. ##.##.. ≈#
###.....###.#≈# ##
............#≈# ..
#...#(### .# #.)†(#
#. # #(##.###≈###..
#.##.##..@....... #
#............####
###########.#########
#......# #.# #.####.#
#.# ..####.####[#
............#
.......######
########


There were no monsters in sight!

Vanquished Creatures
  5 adders
  An ooze (D:1)
  A worm (D:2)
  3 dart slugs (D:2)
  2 leopard geckos (D:2)
  5 bats (D:1)
  8 giant cockroaches
  6 hobgoblins
  A quokka (D:2)
  2 frilled lizards (D:1)
  4 goblins
  5 kobolds
  5 rats
48 creatures vanquished.

Notes
Turn   | Place    | Note
-------+----------+-------------------------------------------
     0 | D:1      | namelastname112 the Draconian Gladiator began the quest for
                  | the Orb.
     0 | D:1      | Reached XP level 1. HP: 17/17 MP: 1/1
    69 | D:1      | Reached XP level 2. HP: 16/25 MP: 2/2
   505 | D:1      | Reached XP level 3. HP: 29/30 MP: 3/3
   767 | D:2      | Reached XP level 4. HP: 23/37 MP: 4/4
   979 | D:2      | Reached skill level 4 in Axes
  1078 | D:2      | Found a radiant altar of Vehumet.
  1104 | D:2      | You fall through a shaft!
  1104 | D:3      | Found a hide-covered altar of Uskayaw.
  1104 | D:3      | Found a white marble altar of Elyvilon.
  1104 | D:3      | Found a bloodstained altar of Trog.
  1104 | D:3      | Found a glowing silver altar of Zin.
  1193 | D:3      | Gained mutation: You are agile. (Dex +2) [potion of
                  | mutation]
  1193 | D:3      | Lost mutation: You are agile. (Dex +2) [potion of mutation]
  1193 | D:3      | Gained mutation: You are occasionally teleported next to
                  | monsters. [potion of mutation]
  1193 | D:3      | Gained mutation: You are robust. (+10% HP) [potion of
                  | mutation]
  1196 | D:3      | HP: 3/61 [poisoned by an adder]
  1200 | D:3      | HP: 1/61 [poisoned by an adder]
  1201 | D:3      | Succumbed to an adder's poison

Vault maps used:
D:1:      lightli_arrival_noodles, minmay_misc_feat_five, minmay_misc_feat_doors
D:2:      nicolae_overflow_hidden_temple, first_ration
D:3:      grunt_gozag_breadcrumbs, grunt_temple_overflow_open, grunt_decor_cap

Skill      XL: |  1  2  3  4 |
---------------+-------------+-----
Throwing       | 2 |  2.4
Dodging        | 3 |  3.2
Fighting       | 3 |  3.1
Axes           | 4 |  4.1

Action                   |  1- 3 |  4- 6 || total
-------------------------+-------+-------++-------
Melee: War axe           |    88 |    43 ||   131
       Tailslap          |     9 |     2 ||    11
  Use: Potion            |       |     4 ||     4
 Stab: Sleeping          |     1 |     1 ||     2
       Invisible         |       |     1 ||     1
  Eat: Chunk             |       |     1 ||     1
Armor: Skin              |    35 |    14 ||    49
Dodge: Dodged            |    94 |    44 ||   138

Table legend:
 A = Non-vault XP
 B = Vault XP
 C = Vault XP percentage of total XP
 D = Non-vault monster count
 E = Vault monster count
 F = Vault count percentage of total count
                 A         B        C        D         E       F
            +---------+---------+-------+---------+---------+-------
      Total |     157 |       0 |   0.0 |      48 |       0 |   0.0
            +---------+---------+-------+---------+---------+-------
        D:1 |      50 |       0 |   0.0 |      27 |       0 |   0.0
        D:2 |      79 |       0 |   0.0 |      18 |       0 |   0.0
        D:3 |      28 |       0 |   0.0 |       3 |       0 |   0.0
            +---------+---------+-------+---------+---------+-------
